 Dungeon Crawl Stone Soup version 0.31-a0-672-g7da72447bb (webtiles) character file.

Game seed: 5435103146538377712

316 randomguy2701 the Chopper (level 6, -8/53 HPs)
             Began as a Hill Orc Fighter on Sept 5, 2023.
             Mangled by Pikel
             ... wielding a +2 whip of electrocution
              (20 damage)
             ... on level 4 of the Dungeon.
             The game lasted 00:04:27 (2505 turns).

randomguy2701 the Chopper (Hill Orc Fighter)        Turns: 2505, Time: 00:04:27

Health: -8/53      AC: 23    Str: 19    XL:     6   Next: 44%
Magic:  6/6        EV:  8    Int:  8    God:
Gold:   249        SH:  5    Dex: 15    Spells: 5/5 levels left

rFire   . . .        a - +0 war axe
rCold   . . .        c - +0 buckler
rNeg    . . .        l - +8 chain mail of the Stars {Harm Dex+3}
rPois   .            u - +0 helmet
rElec   .            (no cloak)
rCorr   +            p - +2 pair of gloves
SInv    +            t - +0 pair of boots
Will    .....        (no amulet) Stlth
                     g - ring of resist corrosion
HPRegen 0.28/turn    j - ring of see invisible
MPRegen 0.10/turn

%: harm (+30% outgoing, +20% incoming)
@: no status effects
A: no striking features
a: no special abilities


You were on level 4 of the Dungeon.
You visited 1 branch of the dungeon, and saw 4 of its levels.
You also visited: Sewer.

You collected 249 gold pieces.

Inventory:

Hand Weapons
 a - a +0 war axe (weapon)
Missiles
 s - a throwing net
Armour
 c - a +0 buckler (worn)
 l - the +8 chain mail of the Stars (worn) {Harm Dex+3}
   (You found it on level 2 of the Dungeon)

   Dex+3:     It affects your dexterity (+3).
   Harm:      It increases damage dealt and taken.
 p - a +2 pair of gloves (worn)
 t - a +0 pair of boots (worn)
 u - a +0 helmet (worn)
Jewellery
 g - a ring of resist corrosion (left hand)
 j - a ring of see invisible (right hand)
Scrolls
 b - 4 scrolls of noise {unknown}
 e - 4 scrolls of teleportation {unknown}
 h - a scroll of vulnerability {unknown}
 i - 2 scrolls of fear {unknown}
 m - 3 scrolls of fog {unknown}
 n - 3 scrolls of identify {unknown}
 o - a scroll of immolation {unknown}
 w - a scroll of revelation {unknown}
Potions
 d - a potion of might
 f - 3 potions of curing {unknown}
 k - 3 potions of haste {unknown}
 q - a potion of degeneration {unknown}
 r - 2 potions of heal wounds {unknown}
 v - a potion of brilliance {unknown}


   Skills:
 + Level 4.6 Fighting
 + Level 6.3 Axes
 + Level 4.1 Armour
 + Level 1.2 Dodging
 + Level 0.1 Stealth
 + Level 4.1 Shields


You had 5 spell levels left.
You didn't know any spells.
Your spell library contained the following spells:

 Spells                   Type           Power      Damage    Failure   Level
 Sting                    Tmut/Pois      0%         1d3       99%         1
 Poisonous Vapours        Pois/Air       0%         N/A       100%        2
 Olgreb's Toxic Radiance  Pois           0%         N/A       100%        4


Dungeon Overview and Level Annotations

Branches:
Dungeon (4/15)              Sewer (visited)
 Temple: D:4-7

Altars:
The Shining One

Shops:
D:2 ?   D:3 :   D:4 :!

Annotations:
D:3 2 transporters, knightboat's ghost, amateur VSFi
D:4 Pikel


Message History

You closely miss the lemure. Pikel barely misses you.
The lemure hits you but does no damage.
You slash Pikel!
Pikel is severely wounded.
You hit the lemure.
You kill the lemure!
That felt strangely unrewarding.
Pikel hits you but does no damage. Pikel closely misses you.
The kobold hits you but does no damage.
You hit Pikel but do no damage.
Pikel is severely wounded.
You hit the lemure. You slash the kobold!
You kill the kobold!
You block Pikel's attack. The lemure hits you but does no damage.
You barely miss Pikel.
Pikel is severely wounded.
You closely miss the lemure.
Pikel hits you with a +2 whip of electrocution.
The lemure barely misses you.
You hit Pikel but do no damage.
Pikel is severely wounded.
You closely miss the lemure. Pikel hits you but does no damage.
The lemure hits you.
You closely miss Pikel.
Pikel is severely wounded.
You slash the lemure!
Pikel hits you with a +2 whip of electrocution.
The lemure hits you but does no damage.
You closely miss Pikel.
Pikel is severely wounded.
You closely miss the lemure. Pikel hits you but does no damage.
You are electrocuted!
The lemure hits you. Pikel hits you but does no damage.
You are electrocuted!
* * * LOW HITPOINT WARNING * * *
The lemure barely misses you.
You closely miss Pikel.
Pikel is severely wounded.
You hit the lemure but do no damage. Pikel hits you but does no damage.
You are electrocuted!
You die...
Pikel says, "Another soul for the market."

###.....## #..#..... ####
#.##..... ..##.. #.....
##.....###....# #####
##..#.##.......#
##....###..##.##.##....#
......5..........##....#
.#.#..K@.........##....#
........#)######........###
#.#.#.#... #####.##....
.......... ##......###
#.#.#.#..# ##.........#
.$..!...# #..........#
#.#.#.#.## ###..........#
.........#####.............
#......5..............


You could see Pikel and a lemure.

Vanquished Creatures
  Pargi (Sewer)
  A black bear (D:3)
  3 lemures
  A jelly (D:4)
  A hound (D:3)
  A white imp (D:3)
  A worm (D:4)
  2 dart slugs
  2 orcs
  5 endoplasms
  3 giant cockroaches
  4 goblins
  5 hobgoblins
  3 quokkas
  7 ball pythons
  3 bats
  4 frilled lizards
  8 kobolds
  5 rats
60 creatures vanquished.

Notes
Turn   | Place    | Note
-------+----------+-------------------------------------------
     0 | D:1      | randomguy2701 the Hill Orc Fighter began the quest for the
                  | Orb.
     0 | D:1      | Reached XP level 1. HP: 19/19 MP: 1/1
    71 | D:1      | Reached XP level 2. HP: 27/27 MP: 2/2
   318 | D:1      | Reached skill level 3 in Axes
   472 | D:2      | Identified the +8 chain mail of the Stars {Harm Dex+3}
   599 | D:2      | Reached XP level 3. HP: 32/33 MP: 3/3
   713 | D:2      | Found Osell's Magic Scroll Shop.
  1031 | D:3      | Noticed knightboat's ghost (amateur VSFi)
  1031 | D:3      | Noticed a water moccasin
  1034 | D:3      | Found a transporter.
  1044 | D:3      | Found a glowing golden altar of the Shining One.
  1216 | D:3      | Reached skill level 4 in Axes
  1216 | D:3      | Reached XP level 4. HP: 40/40 MP: 4/4
  1228 | D:3      | Found Ducy's Book Shoppe.
  1319 | D:3      | Found a transporter.
  1940 | D:4      | Found a glowing drain.
  1954 | Sewer    | Entered a sewer
  1987 | Sewer    | Noticed Pargi
  2017 | Sewer    | Killed Pargi
  2018 | Sewer    | Reached skill level 5 in Axes
  2018 | Sewer    | Reached XP level 5. HP: 44/47 MP: 5/5
  2149 | D:4      | Reached skill level 1 in Dodging
  2241 | D:4      | Found Nokher's Distillery.
  2317 | D:4      | Noticed a black bear
  2317 | D:4      | Noticed a lemure
  2318 | D:4      | Found Adyfut's Self-Improvement Boutique.
  2318 | D:4      | Noticed Pikel
  2325 | D:4      | Noticed a lemure
  2363 | D:4      | Reached XP level 6. HP: 46/53 MP: 6/6
  2370 | D:3      | Killed a black bear
  2371 | D:3      | Reached skill level 6 in Axes
  2505 | D:4      | Mangled by Pikel

Illustrated notes

Levels and vault maps discovered:
D:1:      scummos_arrival_simple_fountains, layout_rooms, minmay_pentomino_o4
D:2:      layout_rooms, serial_shops, shop
D:3:      layout_rooms, pf_just_have_faith, serial_shops,
          nicolae_shop_tiny_waterfront, gammafunk_ghost_arena,
          chequers_big_river, grunt_ministairs_15, kennysheep_minor_cross,
          chequers_serial_rivers_micro_d, bh_walls_and_bars
D:4:      layout_rooms, nemelex_xobeh_ov_fountains_minmay,
          mainiacjoe_overflow_concentric_impassable,
          minmay_temple_entry_junction, serial_glass, glass_columns_c,
          glass_columns_a, serial_shops, kennysheep_mini_moat,
          portal_sewer_entry_a, nicolae_shop_self_help, uniq_pikel

Skill      XL: |  1  2  3  4  5  6 |
---------------+-------------------+-----
Axes           | 3 4 5 6 |  6.3
Fighting       | 4 |  4.6
Armour         | 4 |  4.1
Dodging        | 1 |  1.2
Shields        | 4 |  4.1
Stealth        | |  0.1

Action                     |  1- 3 |  4- 6 || total
---------------------------+-------+-------++-------
  Melee: War axe           |    91 |   118 ||   209
 Armour: Scale mail        |    26 |       ||    26
         Chain mail        |    32 |   153 ||   185
  Dodge: Dodged            |    35 |    77 ||   112
  Block: Buckler           |    19 |    41 ||    60

Table legend: (Time is in decaauts)
 A = Elapsed time spent in this place.
 B = Non-inter-level travel time spent in this place.
 C = Inter-level travel time spent in this place.
 D = Time resting spent in this place.
 E = Time spent auto-exploring this place.
 F = Levels seen in this place.
 G = Mean time per level.
                   A        B        C        D        E       F      G
               +--------+--------+--------+--------+--------+-----+--------+
         Total |   2612 |   2432 |    180 |      0 |   1841 |   5 |  522.4 |
       Dungeon |   2395 |   2215 |    180 |      0 |   1722 |   4 |  598.8 |
         Sewer |    217 |    217 |      0 |      0 |    119 |   1 |  217.0 |
               +--------+--------+--------+--------+--------+-----+--------+

Top non-repeatable levels by time:
     D:3: 1062 daAuts
     D:2: 550 daAuts
     D:1: 455 daAuts
     D:4: 326 daAuts
   Sewer: 217 daAuts
